[Event "EWIBCC 2019"]
[Site "Monte-Carlo"]
[Date "2019.11.29"]
[Round "12.19"]
[White "Paasikangas-Tella, Johanna"]
[Black "Antova, Gabriela"]
[Result "0-1"]
[ECO "D43"]
[WhiteElo "2177"]
[BlackElo "2306"]
[Annotator "NA"]
[PlyCount "112"]
[EventDate "2019.11.29"]
[EventType "swiss"]
[EventCountry "MNC"]
[SourceTitle "playchess.com"]
[Source "ChessBase"]
[SourceQuality "1"]
[TimeControl "180+2"]

1. d4 d5 2. c4 e6 3. Nc3 Nf6 4. Nf3 c6 5. Bg5 h6 6. Bh4 dxc4 7. a4 Bb4 8. e3 b5 9. axb5 cxb5 10. Qc2 Bb7 11. Be2 Nbd7 12. O-O a6 13. Rfd1 O-O 14. e4 Bxc3 15. bxc3 Bxe4 16. Qb2 Qc7 17. Bg3 Qb7 18. Ne1 Bc6 19. f3 Nd5 20. Nc2 N7f6 21. Rdb1 Qd7 22. Bf1 Nh5 23. Bf2 Nhf4 24. Nb4 Nxb4 25. Qxb4 Qd5 26. Re1 Qg5 27. Bg3 h5 28. Re5 Qf6 29. Qc5 Bd5 30. Rae1 Rfc8 31. Qb4 h4 32. Bf2 h3 33. g3 Ng6 34. R5e3 Bxf3 35. Bxh3 Bd5 36. Qd6 Rd8 37. Qb4 Qg5 38. Bg2 Bxg2 39. Kxg2 Nf4+ 40. Kh1 Nd5 41. Re5 Qxe5 42. dxe5 Nxb4 43. cxb4 Rd2 44. Be3 Rd3 45. Bc5 Rad8 46. Bd6 R8xd6 47. exd6 Rxd6 48. Rc1 Rd3 49. Ra1 Rd6 50. Rc1 Kf8 51. Kg2 e5 52. Kf3 Ke7 53. Ke4 Ke6 54. Rf1 Rd4+ 55. Ke3 Rd3+ 56. Ke4 f5+ {[%emt 0:00:27] Kd4} 0-1

[Event "EWIBCC 2019"]
[Site "Monte-Carlo"]
[Date "2019.11.29"]
[Round "12.20"]
[White "Bensdorp-De Labaca, Marlies"]
[Black "Chigaeva, Anastasia"]
[Result "1/2-1/2"]
[ECO "D12"]
[WhiteElo "2228"]
[BlackElo "2156"]
[Annotator "NA"]
[PlyCount "126"]
[EventDate "2019.11.29"]
[EventType "swiss"]
[EventCountry "MNC"]
[SourceTitle "playchess.com"]
[Source "ChessBase"]
[SourceQuality "1"]
[TimeControl "180+2"]

1. d4 d5 2. c4 c6 3. Nf3 Nf6 4. e3 Bf5 5. Nbd2 e6 6. Be2 Be7 7. O-O h6 8. b3 O-O 9. Bb2 Nbd7 10. Ne5 Qc7 11. h3 Rac8 12. f4 Ne4 13. Nxe4 Bxe4 14. Bd3 Nf6 15. Qe2 Bxd3 16. Qxd3 Ne4 17. Rac1 Qa5 18. a4 Qd2 19. Rc2 Qxd3 20. Nxd3 Rfd8 21. Rfc1 Kf8 22. Nf2 Ng3 23. Nd3 Ne4 24. g4 Ke8 25. Kg2 Bf8 26. Nf2 Nxf2 27. Kxf2 Be7 28. Kf3 Bf6 29. e4 dxe4+ 30. Kxe4 Rd7 31. Rd1 Rcd8 32. Rcd2 c5 33. d5 exd5+ 34. cxd5 Bxb2 35. Rxb2 Re7+ 36. Kf3 Kd7 37. Rc2 Kd6 38. Rd3 Rde8 39. f5 Re1 40. Kf4 Rf1+ 41. Kg3 Rfe1 42. Kf2 Rh1 43. Rdc3 Ree1 44. Rxc5 Ref1+ 45. Ke2 Re1+ 46. Kd2 Rd1+ 47. Ke3 Rxh3+ 48. Ke2 Rxd5 49. Rxd5+ Kxd5 50. Rc7 Rxb3 51. Rxf7 Rg3 52. Rxg7 Ke5 53. Rg6 h5 54. gxh5 Rh3 55. Rg7 Kxf5 56. Rxb7 a6 57. Rb6 Rxh5 58. Rxa6 Ke4 59. Kd2 Kd4 60. Ra8 Rh2+ 61. Ke1 Ra2 62. a5 Kc5 63. a6 Kb6 1/2-1/2

[Event "EWIBCC 2019"]
[Site "Monte-Carlo"]
[Date "2019.11.29"]
[Round "13.2"]
[White "Sebag, Marie"]
[Black "Zhukova, Natalia"]
[Result "0-1"]
[ECO "C78"]
[WhiteElo "2443"]
[BlackElo "2323"]
[Annotator "NA"]
[PlyCount "102"]
[EventDate "2019.11.29"]
[EventType "swiss"]
[EventCountry "MNC"]
[SourceTitle "playchess.com"]
[Source "ChessBase"]
[SourceQuality "1"]
[TimeControl "180+2"]

1. e4 e5 2. Nf3 Nc6 3. Bb5 a6 4. Ba4 Nf6 5. O-O b5 6. Bb3 Bc5 7. a4 Rb8 8. c3 d6 9. d4 Bb6 10. a5 Ba7 11. h3 O-O 12. Be3 exd4 13. cxd4 d5 14. e5 Ne4 15. Nbd2 Nxd2 16. Qxd2 Ne7 17. Rac1 Bf5 18. Bg5 Be4 19. Nh2 f6 20. exf6 gxf6 21. Bf4 Rc8 22. f3 Bg6 23. Be3 Nf5 24. Bf2 c6 25. Ng4 Bb8 26. Nh6+ Nxh6 27. Qxh6 Qd6 28. g3 Qb4 29. Rc3 Ba7 30. Qf4 Kg7 31. Rfc1 Be8 32. h4 Rd8 33. Qc7+ Rd7 34. Qxc6 Qxa5 35. Qe6 Qd8 36. Be3 Re7 37. Qg4+ Kh8 38. Rc8 Qd6 39. Bf4 Qb4 40. Bc2 Qxd4+ 41. Kh2 Rg8 42. Qf5 Qf2+ 43. Kh1 Qxf3+ 44. Kh2 Qf2+ 45. Kh1 Qf3+ 46. Kh2 Qf2+ 47. Kh1 Qf3+ 48. Kh2 Qf2+ 49. Kh1 Qf3+ 50. Kh2 Re2+ 51. Kh3 Qg2# 0-1

[Event "EWIBCC 2019"]
[Site "Monte-Carlo"]
[Date "2019.11.29"]
[Round "13.4"]
[White "Muzychuk, Anna"]
[Black "Bulmaga, Irina"]
[Result "1/2-1/2"]
[ECO "C49"]
[WhiteElo "2543"]
[BlackElo "2435"]
[Annotator "ChessBase"]
[PlyCount "73"]
[EventDate "2019.11.29"]
[EventType "swiss"]
[EventCountry "MNC"]
[SourceTitle "playchess.com"]
[Source "ChessBase"]
[SourceQuality "1"]
[TimeControl "180+2"]

1. e4 e5 2. Nf3 Nc6 3. Nc3 Nf6 4. Bb5 Bb4 5. O-O O-O 6. d3 Bxc3 7. bxc3 d6 8. Bg5 Bd7 9. Re1 h6 10. Bh4 Qe7 11. d4 a6 12. Bd3 Nd8 13. d5 b6 14. h3 Nb7 15. Nd2 Nc5 16. Nf1 g5 17. Bg3 Ne8 18. Ne3 Ng7 19. f3 f5 20. exf5 Nxf5 21. Bf2 Nxe3 22. Bxe3 Qf6 23. Bxc5 bxc5 24. Qe2 a5 25. Rab1 Rab8 26. Qe4 Qg7 27. Kh2 Rb6 28. Rxb6 cxb6 29. Rb1 Rb8 30. Bb5 Bxb5 31. Rxb5 Qf7 32. g3 Kg7 33. a4 Qg6 34. Kg2 Qxe4 35. fxe4 c4 36. Kf3 h5 37. Ke3 1/2-1/2

[Event "EWIBCC 2019"]
[Site "Monte-Carlo"]
[Date "2019.11.29"]
[Round "13.5"]
[White "Mkrtchian, Lilit"]
[Black "Benmesbah, Natacha"]
[Result "1-0"]
[ECO "A36"]
[WhiteElo "2402"]
[BlackElo "2265"]
[Annotator "NA"]
[PlyCount "53"]
[EventDate "2019.11.29"]
[EventType "swiss"]
[EventCountry "MNC"]
[SourceTitle "playchess.com"]
[Source "ChessBase"]
[SourceQuality "1"]
[TimeControl "180+2"]

1. c4 Nf6 2. Nc3 g6 3. g3 Bg7 4. Bg2 O-O 5. e4 d6 6. Nge2 c5 7. O-O Nc6 8. d3 a6 9. h3 Ne8 10. Be3 e5 11. f4 Nc7 12. f5 b5 13. Qd2 bxc4 14. dxc4 Nd4 15. Bg5 f6 16. Be3 Rb8 17. g4 Bb7 18. Ng3 Qe8 19. Rf2 Bc6 20. Raf1 Rb4 21. b3 a5 22. Nd5 Bxd5 23. exd5 a4 24. Bxd4 cxd4 25. Qxb4 axb3 26. axb3 e4 27. Nxe4 1-0

[Event "EWIBCC 2019"]
[Site "Monte-Carlo"]
[Date "2019.11.29"]
[Round "13.6"]
[White "Savina, Anastasia"]
[Black "Michna, Marta"]
[Result "0-1"]
[ECO "E94"]
[WhiteElo "2354"]
[BlackElo "2366"]
[Annotator "NA"]
[PlyCount "142"]
[EventDate "2019.11.29"]
[EventType "swiss"]
[EventCountry "MNC"]
[SourceTitle "playchess.com"]
[Source "ChessBase"]
[SourceQuality "1"]
[TimeControl "180+2"]

1. d4 Nf6 2. c4 d6 3. Nf3 Nbd7 4. Nc3 e5 5. e4 g6 6. Be2 Bg7 7. O-O O-O 8. Be3 Re8 9. d5 h6 10. Nd2 a5 11. a3 Nh7 12. b4 b6 13. Nb3 a4 14. Nc1 f5 15. f3 Ndf6 16. c5 bxc5 17. bxc5 Bd7 18. Nd3 Ng5 19. Nf2 f4 20. Bd2 dxc5 21. Qc2 Bf8 22. Rab1 Bd6 23. Bb5 h5 24. Nd3 h4 25. Be1 h3 26. Bh4 Nfh7 27. g3 Bxb5 28. Nxb5 fxg3 29. hxg3 Rf8 30. Qe2 Qe8 31. Kh2 Nf7 32. Nc3 g5 33. Rg1 gxh4 34. gxh4+ Kh8 35. Nf2 Nh6 36. Qe3 Rf6 37. Ng4 Nxg4+ 38. Rxg4 Qf8 39. Rg3 Qh6 40. Qxh6 Rxh6 41. Kxh3 Nf6 42. Rb7 Nh5 43. Rg5 Nf4+ 44. Kg3 Rf6 45. Nb5 Ne2+ 46. Kf2 Nd4 47. Nxd4 cxd4 48. Ke2 Raf8 49. Rg3 Rh6 50. Rg4 Ra8 51. Kd3 Kh7 52. Rb1 Rg6 53. h5 Rxg4 54. fxg4 Rg8 55. Rg1 Kh6 56. Kc4 Rf8 57. g5+ Kxh5 58. g6 Rg8 59. g7 Kh6 60. Kb5 Rxg7 61. Rh1+ Kg6 62. Kxa4 Kf7 63. Kb3 Rg3+ 64. Kc4 Rxa3 65. Rf1+ Kg6 66. Rg1+ Kh5 67. Kb5 Rc3 68. Rg2 d3 69. Rd2 Kg4 70. Rd1 Kf3 71. Ka4 Kxe4 0-1

[Event "EWIBCC 2019"]
[Site "Monte-Carlo"]
[Date "2019.11.29"]
[Round "13.7"]
[White "Dzagnidze, Nana"]
[Black "Daulyte-Cornette, Deimante"]
[Result "1-0"]
[ECO "A10"]
[WhiteElo "2502"]
[BlackElo "2405"]
[Annotator "ChessBase"]
[PlyCount "75"]
[EventDate "2019.11.29"]
[EventType "swiss"]
[EventCountry "MNC"]
[SourceTitle "playchess.com"]
[Source "ChessBase"]
[SourceQuality "1"]
[TimeControl "180+2"]

1. c4 b6 2. Nf3 Bb7 3. b3 Nf6 4. Bb2 e6 5. g3 d5 6. Bg2 Bd6 7. O-O O-O 8. Nc3 dxc4 9. bxc4 c5 10. d3 Nc6 11. e3 Be7 12. Qe2 Qd7 13. Rfd1 Rfd8 14. d4 Qe8 15. d5 exd5 16. cxd5 Nb4 17. e4 Ba6 18. Qd2 Nd3 19. Ne1 Nxb2 20. Qxb2 c4 21. e5 Ng4 22. Qe2 Nh6 23. d6 Bf8 24. Bxa8 Rxa8 25. Nd5 Bb7 26. Qxc4 Rc8 27. Nc7 Qxe5 28. Qd4 Qh5 29. Rac1 Rd8 30. Qf4 Qh3 31. Qh4 Qf5 32. Qxd8 Ng4 33. f4 Qh5 34. Qh4 Qf5 35. d7 Qe4 36. Qxg4 Qh1+ 37. Kf2 Qxh2+ 38. Ke3 1-0

[Event "EWIBCC 2019"]
[Site "Monte-Carlo"]
[Date "2019.11.29"]
[Round "13.8"]
[White "Paehtz, Elisabeth"]
[Black "Berend, Elvira"]
[Result "1-0"]
[ECO "A48"]
[WhiteElo "2484"]
[BlackElo "2349"]
[Annotator "ChessBase"]
[PlyCount "49"]
[EventDate "2019.11.29"]
[EventType "swiss"]
[EventCountry "MNC"]
[SourceTitle "playchess.com"]
[Source "ChessBase"]
[SourceQuality "1"]
[TimeControl "180+2"]

1. d4 Nf6 2. Nf3 g6 3. Bg5 Bg7 4. Nbd2 O-O 5. c3 d6 6. e3 b6 7. Bc4 Bb7 8. a4 a6 9. O-O Nbd7 10. Re1 e5 11. dxe5 dxe5 12. e4 h6 13. Bh4 Qe7 14. Bf1 Nc5 15. b4 Ne6 16. Nxe5 Rad8 17. Qc2 g5 18. Bg3 Nh5 19. Nec4 Nxg3 20. hxg3 Qf6 21. e5 Qe7 22. Ne4 Ba8 23. Ne3 Qd7 24. Ng4 Kh8 25. Nef6 1-0

[Event "EWIBCC 2019"]
[Site "Monte-Carlo"]
[Date "2019.11.29"]
[Round "13.9"]
[White "Doluhanova, Evgeniya"]
[Black "Bodnaruk, Anastasia"]
[Result "0-1"]
[ECO "A05"]
[WhiteElo "2276"]
[BlackElo "2412"]
[Annotator "NA"]
[PlyCount "62"]
[EventDate "2019.11.29"]
[EventType "swiss"]
[EventCountry "MNC"]
[SourceTitle "playchess.com"]
[Source "ChessBase"]
[SourceQuality "1"]
[TimeControl "180+2"]

1. Nf3 Nf6 2. b3 g6 3. Bb2 Bg7 4. g3 O-O 5. Bg2 c5 6. O-O d6 7. c4 e5 8. d3 Nc6 9. Nbd2 h6 10. Ne4 Be6 11. Ne1 Ne8 12. Nc2 f5 13. Nc3 f4 14. Nd5 Qd7 15. Qd2 g5 16. b4 Bh3 17. b5 Nd4 18. Nxd4 cxd4 19. Ba3 Nf6 20. Nxf6+ Rxf6 21. Bd5+ Kh8 22. Rfc1 Raf8 23. Bf3 g4 24. Bg2 fxg3 25. fxg3 Bxg2 26. Kxg2 Rf2+ 27. Kg1 Qf5 28. Bxd6 Rf6 29. Bc7 Qh5 30. h4 gxh3 31. Bxe5 Qxe5 0-1

[Event "EWIBCC 2019"]
[Site "Monte-Carlo"]
[Date "2019.11.29"]
[Round "13.10"]
[White "Muzychuk, Mariya"]
[Black "Osmak, Iulija"]
[Result "1/2-1/2"]
[ECO "B00"]
[WhiteElo "2552"]
[BlackElo "2401"]
[Annotator "ChessBase"]
[PlyCount "108"]
[EventDate "2019.11.29"]
[EventType "swiss"]
[EventCountry "MNC"]
[SourceTitle "playchess.com"]
[Source "ChessBase"]
[SourceQuality "1"]
[TimeControl "180+2"]

1. e4 Nc6 2. Nf3 d6 3. d4 Bg4 4. Be2 Nf6 5. Nc3 e5 6. d5 Ne7 7. h3 Bd7 8. Be3 Ng6 9. Qd2 c6 10. dxc6 Bxc6 11. Bc4 Be7 12. Qd3 O-O 13. O-O a6 14. a4 Rc8 15. Rfd1 Qc7 16. Bb3 Nh5 17. Nd5 Bxd5 18. Qxd5 Nhf4 19. Qd2 Ne6 20. c3 h6 21. a5 Kh7 22. Bb6 Qb8 23. g3 Nc5 24. Bd5 Bd8 25. Bxd8 Rfxd8 26. Bxf7 Ne7 27. Bd5 Rf8 28. Qe3 Rf6 29. Nd2 Rcf8 30. Rf1 Nxd5 31. exd5 Qc7 32. b4 Nd7 33. Ne4 R6f7 34. f3 Nf6 35. Nxf6+ Rxf6 36. Kg2 Kg8 37. Rf2 Qc4 38. Rd1 Rc8 39. Rd3 Rff8 40. Qe4 Qb5 41. Rc2 Rc4 42. Qe2 Rfc8 43. Qd2 Qxb4 44. cxb4 Rxc2 45. Kf2 Rxd2+ 46. Rxd2 Rc4 47. Rb2 Rd4 48. b5 Rxd5 49. bxa6 bxa6 50. Rb6 Rxa5 51. Rxd6 Kf7 52. Ke3 Ra4 53. Rb6 a5 54. Ra6 Ke7 {[%emt 0:00:08] Ke4} 1/2-1/2

[Event "EWIBCC 2019"]
[Site "Monte-Carlo"]
[Date "2019.11.29"]
[Round "13.11"]
[White "Rogule, Laura"]
[Black "Socko, Monika"]
[Result "1-0"]
[ECO "A26"]
[WhiteElo "2293"]
[BlackElo "2417"]
[Annotator "NA"]
[PlyCount "140"]
[EventDate "2019.11.29"]
[EventType "swiss"]
[EventCountry "MNC"]
[SourceTitle "playchess.com"]
[Source "ChessBase"]
[SourceQuality "1"]
[TimeControl "180+2"]

1. c4 e5 2. Nc3 Nc6 3. g3 Nf6 4. Bg2 g6 5. e4 Bg7 6. Nge2 O-O 7. O-O d6 8. d3 Nd4 9. Nxd4 exd4 10. Ne2 c5 11. f4 Ng4 12. Rb1 Rb8 13. a4 Bd7 14. Rf3 a6 15. h3 Nf6 16. b4 b5 17. axb5 axb5 18. bxc5 dxc5 19. e5 Ne8 20. cxb5 Bxb5 21. Ba3 Bc6 22. Rxb8 Qxb8 23. Bxc5 Bxf3 24. Bxf3 Nc7 25. Bxf8 Bxf8 26. Qc2 Ne6 27. Kg2 h5 28. Bd5 Nc7 29. Qc4 Kg7 30. Qxd4 Qb1 31. e6+ f6 32. Bc4 Qb7+ 33. Kf2 Be7 34. Qd7 Qb6+ 35. d4 Qd6 36. Qxd6 Bxd6 37. Nc3 f5 38. Ke3 Kf6 39. Nd5+ Nxd5+ 40. Bxd5 g5 41. fxg5+ Kxg5 42. Kf3 h4 43. gxh4+ Kxh4 44. Kg2 Kg5 45. Bc6 Kf4 46. Kf2 Be7 47. Bf3 Bf6 48. d5 Be7 49. Kg2 Bd6 50. Bd1 Be7 51. Bf3 Bd6 52. h4 Be7 53. h5 Kg5 54. Kf2 f4 55. Ke2 Kf5 56. Kd3 Ke5 57. h6 Kd6 58. Ke4 Bg5 59. h7 Bf6 60. Kf5 Bh8 61. Kg6 Ke7 62. Bg4 Bc3 63. Kf5 Kd6 64. Bf3 Bh8 65. Kxf4 Ke7 66. Kf5 Bd4 67. Kg6 Bh8 68. Bg4 Bd4 69. d6+ Kxd6 70. Kf7 Kd5 1-0

[Event "EWIBCC 2019"]
[Site "Monte-Carlo"]
[Date "2019.11.29"]
[Round "13.12"]
[White "Guichard, Pauline"]
[Black "Reizniece-Ozola, Dana"]
[Result "0-1"]
[ECO "E63"]
[WhiteElo "2407"]
[BlackElo "2305"]
[Annotator "ChessBase"]
[PlyCount "214"]
[EventDate "2019.11.29"]
[EventType "swiss"]
[EventCountry "MNC"]
[SourceTitle "playchess.com"]
[Source "ChessBase"]
[SourceQuality "1"]
[TimeControl "180+2"]

1. c4 Nf6 2. Nf3 g6 3. g3 Bg7 4. Bg2 O-O 5. O-O d6 6. d4 Nc6 7. Nc3 a6 8. b3 Rb8 9. Bd2 b5 10. d5 Na7 11. e4 b4 12. Ne2 Nxe4 13. Be3 Nc5 14. Bd4 Bd7 15. Bxg7 Kxg7 16. Nfd4 e5 17. Nc2 f5 18. f4 Qf6 19. fxe5 dxe5 20. Qd2 a5 21. Qe3 Qd6 22. a3 bxa3 23. Rxa3 Nc8 24. Rfa1 Ne7 25. Nc1 f4 26. gxf4 exf4 27. Qc3+ Kg8 28. Rxa5 Qb6 29. Kh1 Nxb3 30. Nxb3 Qxb3 31. Qe5 Qxc2 32. Qxe7 f3 33. Bxf3 Rf7 34. Qe2 Qc3 35. Bg2 Rbf8 36. Ra8 Kg7 37. R8a2 Bf5 38. Ra3 Qd4 39. Rd1 Qh4 40. Rf3 g5 41. Qe5+ Kg8 42. Rdf1 Bg6 43. Rxf7 Rxf7 44. Qe8+ Kg7 45. Qe5+ Kg8 46. Re1 Bf5 47. Qe8+ Kg7 48. Qe5+ Kg8 49. d6 cxd6 50. Qe8+ Kg7 51. Qe3 Qxc4 52. Qxg5+ Bg6 53. Qe3 Qc7 54. Qd4+ Rf6 55. Rf1 Qf7 56. Bd5 Qe7 57. Bg2 Qe5 58. Qd1 Rxf1+ 59. Qxf1 Be4 60. Bxe4 Qxe4+ 61. Kg1 d5 62. Qa1+ d4 63. Qa7+ Kg6 64. Qb6+ Kg5 65. Qc5+ Kf4 66. Qf8+ Ke3 67. Qf2+ Kd3 68. Qf1+ Qe2 69. Qb1+ Ke3 70. Qc1+ Qd2 71. Qa3+ Qd3 72. Qe7+ Qe4 73. Qa3+ d3 74. Qc1+ d2 75. Qc3+ Qd3 76. Qe5+ Kf3 77. Qf6+ Ke4 78. Qe6+ Kd4 79. Qd6+ Kc3 80. Qa3+ Kc2 81. Qa2+ Kd1 82. Qa1+ Ke2 83. Qf1+ Ke3 84. Qf2+ Ke4 85. Qh4+ Kd5 86. Qd8+ Ke4 87. Qe7+ Kf4 88. Qf6+ Kg4 89. Qe6+ Kh5 90. Qe5+ Kg6 91. Qe6+ Kg5 92. Qe5+ Qf5 93. Qe3+ Qf4 94. Qe7+ Kg4 95. Qd7+ Kf3 96. Qd5+ Ke2 97. Qb5+ Ke3 98. Qb3+ Ke4 99. Qc4+ Kf5 100. Qd3+ Ke5 101. Qe2+ Kd4 102. Qd1 Qe3+ 103. Kf1 Qd3+ 104. Kf2 Qe3+ 105. Kf1 Qf4+ 106. Ke2 Qxh2+ 107. Kf3 Qh5+ 0-1

[Event "EWIBCC 2019"]
[Site "Monte-Carlo"]
[Date "2019.11.29"]
[Round "13.13"]
[White "Babiy, Olga"]
[Black "Zvereva, Marija"]
[Result "1-0"]
[ECO "B32"]
[WhiteElo "2249"]
[BlackElo "2154"]
[Annotator "NA"]
[PlyCount "111"]
[EventDate "2019.11.29"]
[EventType "swiss"]
[EventCountry "MNC"]
[SourceTitle "playchess.com"]
[Source "ChessBase"]
[SourceQuality "1"]
[TimeControl "180+2"]

1. e4 c5 2. Nf3 Nc6 3. d4 cxd4 4. Nxd4 e5 5. Nb5 d6 6. c4 Nf6 7. N1c3 a6 8. Na3 Be6 9. Be2 Be7 10. O-O O-O 11. b3 h6 12. Bb2 Nh7 13. Nc2 Ng5 14. Ne3 Nd4 15. Bd3 Rc8 16. Ncd5 Nc6 17. Qe2 Re8 18. Rad1 Bf8 19. Bb1 Qa5 20. a3 b5 21. b4 Qd8 22. cxb5 axb5 23. Qxb5 Bd7 24. Qb6 Ne6 25. Qxd8 Rcxd8 26. Nb6 Ncd4 27. Nxd7 Rxd7 28. Nf5 g6 29. Nxd4 Nxd4 30. Bxd4 exd4 31. Rxd4 Bg7 32. Rd2 Ra8 33. Rd3 Bb2 34. Rb3 Bxa3 35. Bd3 Rb7 36. Ra1 Rba7 37. g3 Kg7 38. Bc4 Kf6 39. Bd5 Bxb4 40. Rxa7 Rxa7 41. Rxb4 Ra1+ 42. Kg2 Ke5 43. Bxf7 Rc1 44. Bxg6 d5 45. Rb5 Kd4 46. Rxd5+ Kc4 47. Rd8 Kb5 48. Rb8+ Ka5 49. e5 Re1 50. f4 Ka6 51. Kf3 Ka7 52. Rb2 Ka6 53. Re2 Ra1 54. e6 Ra3+ 55. Kg4 Kb6 56. e7 1-0

[Event "EWIBCC 2019"]
[Site "Monte-Carlo"]
[Date "2019.11.29"]
[Round "13.14"]
[White "Antova, Gabriela"]
[Black "Belenkaya, Dina"]
[Result "1-0"]
[ECO "D24"]
[WhiteElo "2306"]
[BlackElo "2302"]
[Annotator "NA"]
[PlyCount "65"]
[EventDate "2019.11.29"]
[EventType "swiss"]
[EventCountry "MNC"]
[SourceTitle "playchess.com"]
[Source "ChessBase"]
[SourceQuality "1"]
[TimeControl "180+2"]

1. d4 d5 2. c4 dxc4 3. Nf3 Nf6 4. Nc3 a6 5. e4 b5 6. e5 Nd5 7. a4 Nxc3 8. bxc3 Qd5 9. g3 Bb7 10. Bg2 Qd7 11. Ba3 g6 12. h4 h6 13. O-O Bg7 14. Re1 O-O 15. e6 Qd8 16. exf7+ Rxf7 17. Ne5 Bxe5 18. Bxb7 Ra7 19. Be4 Bd6 20. Bxg6 Rg7 21. Bf5 c6 22. Qf3 Rc7 23. Be6+ Kh8 24. Qh5 Nd7 25. Qxh6+ Rh7 26. Qg5 Nf6 27. Bf5 Rg7 28. Qh6+ Kg8 29. Be6+ Kf8 30. Bxd6 exd6 31. Re3 Rce7 32. Rae1 Qe8 33. Qxf6+ 1-0

[Event "EWIBCC 2019"]
[Site "Monte-Carlo"]
[Date "2019.11.29"]
[Round "13.16"]
[White "Gaponenko, Inna"]
[Black "Unuk, Laura"]
[Result "1-0"]
[ECO "C01"]
[WhiteElo "2427"]
[BlackElo "2298"]
[Annotator "NA"]
[PlyCount "103"]
[EventDate "2019.11.29"]
[EventType "swiss"]
[EventCountry "MNC"]
[SourceTitle "playchess.com"]
[Source "ChessBase"]
[SourceQuality "1"]
[TimeControl "180+2"]

1. e4 e6 2. d4 d5 3. exd5 exd5 4. Nf3 Bg4 5. h3 Bh5 6. Qe2+ Qe7 7. Be3 c6 8. Nc3 Nd7 9. O-O-O O-O-O 10. g4 Bg6 11. Ne5 Nxe5 12. dxe5 Qxe5 13. f4 Qe6 14. f5 Bxf5 15. gxf5 Qxf5 16. Bxa7 Nf6 17. Bb6 Re8 18. Qh2 Qe5 19. Qxe5 Rxe5 20. Bd3 c5 21. Rhf1 Kd7 22. Bb5+ Kc8 23. Na4 d4 24. Bc4 Nd7 25. Rxf7 g6 26. Ba5 Bh6+ 27. Kb1 Rhe8 28. a3 Re3 29. Rxh7 Bf4 30. Nb6+ Nxb6 31. Bxb6 g5 32. Bxc5 Re1 33. Rxe1 Rxe1+ 34. Ka2 Rc1 35. Bd3 Re1 36. Bxd4 Kb8 37. b4 Kc8 38. a4 Kb8 39. a5 Kc8 40. b5 Kb8 41. a6 bxa6 42. bxa6 Be5 43. Bxe5+ Rxe5 44. Kb3 Ra5 45. Kb4 Ra1 46. Kb5 g4 47. hxg4 Rb1+ 48. Kc6 Ka8 49. Kc5 Kb8 50. g5 Ra1 51. Kb6 Rb1+ 52. Bb5 1-0

[Event "EWIBCC 2019"]
[Site "Monte-Carlo"]
[Date "2019.11.29"]
[Round "13.17"]
[White "Petrova, Irina"]
[Black "Buksa, Nataliya"]
[Result "0-1"]
[ECO "D02"]
[WhiteElo "2109"]
[BlackElo "2410"]
[Annotator "NA"]
[PlyCount "108"]
[EventDate "2019.11.29"]
[EventType "swiss"]
[EventCountry "MNC"]
[SourceTitle "playchess.com"]
[Source "ChessBase"]
[SourceQuality "1"]
[TimeControl "180+2"]

1. d4 d5 2. Bf4 Nf6 3. e3 e6 4. c3 Bd6 5. Bg3 c5 6. Nd2 Qc7 7. Ngf3 O-O 8. Bd3 Nbd7 9. O-O c4 10. Bc2 b5 11. e4 dxe4 12. Nxe4 Nxe4 13. Bxe4 Rb8 14. Re1 Bb7 15. Bxb7 Rxb7 16. Qe2 Bxg3 17. hxg3 b4 18. Ne5 Nxe5 19. Qxe5 bxc3 20. bxc3 Rfb8 21. d5 Qxe5 22. Rxe5 exd5 23. Rxd5 g6 24. Rc5 Rb1+ 25. Rxb1 Rxb1+ 26. Kh2 Rb2 27. Kg1 Rxa2 28. Rxc4 Ra1+ 29. Kh2 Kg7 30. Rc7 a5 31. c4 Kf6 32. g4 Ke6 33. c5 a4 34. Ra7 h6 35. c6 f6 36. c7 Kd7 37. Ra6 Kxc7 38. Rxf6 Kb7 39. Rxg6 a3 40. Rg7+ Kb6 41. Rg6+ Kb7 42. Rg7+ Kb6 43. Rg6+ Kb5 44. Rg8 Rd1 45. Ra8 Kb4 46. Rb8+ Kc3 47. Rc8+ Kb2 48. f4 a2 49. Ra8 a1=Q 50. Rxa1 Rxa1 51. Kg3 Kc3 52. g5 hxg5 53. fxg5 Kd4 54. Kg4 Ke5 0-1

[Event "EWIBCC 2019"]
[Site "Monte-Carlo"]
[Date "2019.11.29"]
[Round "13.18"]
[White "Chigaeva, Anastasia"]
[Black "Girya, Olga"]
[Result "0-1"]
[ECO "D11"]
[WhiteElo "2156"]
[BlackElo "2476"]
[Annotator "ChessBase"]
[PlyCount "57"]
[EventDate "2019.11.29"]
[EventType "swiss"]
[EventCountry "MNC"]
[SourceTitle "playchess.com"]
[Source "ChessBase"]
[SourceQuality "1"]
[TimeControl "180+2"]

1. d4 d5 2. c4 c6 3. Nf3 Nf6 4. Nbd2 Bf5 5. Nh4 Be4 6. e3 e6 7. b3 Bb4 8. Bb2 h6 9. a3 Be7 10. Nxe4 dxe4 11. g3 Nbd7 12. Ng2 g5 13. h4 Rg8 14. hxg5 hxg5 15. Qc2 Qc7 16. O-O-O O-O-O 17. Ne1 Rh8 18. Bg2 Qa5 19. b4 Qf5 20. Kb1 Kb8 21. Ka2 Nb6 22. Rc1 Rxh1 23. Bxh1 Rh8 24. Bg2 Rh2 25. Qe2 Qg4 26. Qxg4 Nxg4 27. Bxe4 Rxf2 28. Nc2 Nxc4 29. Bd3 0-1

[Event "EWIBCC 2019"]
[Site "Monte-Carlo"]
[Date "2019.11.29"]
[Round "13.19"]
[White "Solozhenkina, Elizaveta"]
[Black "Dornbusch, Tatiana"]
[Result "1-0"]
[ECO "B50"]
[WhiteElo "2314"]
[BlackElo "2269"]
[Annotator "NA"]
[PlyCount "133"]
[EventDate "2019.11.29"]
[EventType "swiss"]
[EventCountry "MNC"]
[SourceTitle "playchess.com"]
[Source "ChessBase"]
[SourceQuality "1"]
[TimeControl "180+2"]

1. Nf3 Nf6 2. g3 g6 3. d4 c5 4. c3 Bg7 5. Bg2 O-O 6. O-O d6 7. Re1 Nc6 8. e4 Bg4 9. h3 Bxf3 10. Bxf3 cxd4 11. cxd4 e5 12. dxe5 dxe5 13. Nc3 Nd4 14. Bg2 Qb6 15. Qa4 Rac8 16. Bg5 h6 17. Bxf6 Qxf6 18. Nd5 Qe6 19. Rad1 a6 20. Re3 b5 21. Qa5 Rc2 22. Ra3 Rxb2 23. Qxa6 Qxa6 24. Rxa6 Kh8 25. Ra7 f5 26. exf5 gxf5 27. Ne7 Kh7 28. Bd5 Ne2+ 29. Kf1 Nc3 30. Rd3 Nxd5 31. Rxd5 f4 32. Rdd7 Rf7 33. Nf5 Rxf5 34. Rxg7+ Kh8 35. Rh7+ Kg8 36. Rhg7+ Kf8 37. Rgd7 Kg8 38. Rg7+ Kf8 39. Rgd7 Kg8 40. Rg7+ Kf8 41. Rh7 Kg8 42. Rag7+ Kf8 43. Rb7 Kg8 44. Rhd7 fxg3 45. Rd8+ Rf8 46. Rxf8+ Kxf8 47. fxg3 e4 48. Rh7 e3 49. Rxh6 Rxa2 50. Re6 Ra3 51. Ke2 b4 52. Rxe3 Ra2+ 53. Kf3 Rb2 54. Re6 Kf7 55. Rb6 b3 56. Kg4 Kg7 57. h4 Rb1 58. Kg5 b2 59. g4 Kh7 60. Rb7+ Kg8 61. Kg6 Kf8 62. Kg5 Kg8 63. h5 Kf8 64. h6 Kg8 65. Kg6 Kf8 66. g5 Kg8 67. Rb8# 1-0

[Event "EWIBCC 2019"]
[Site "Monte-Carlo"]
[Date "2019.11.29"]
[Round "13.20"]
[White "Worek, Joanna"]
[Black "Novkovic, Julia"]
[Result "1-0"]
[ECO "C45"]
[WhiteElo "2316"]
[BlackElo "2161"]
[Annotator "NA"]
[PlyCount "69"]
[EventDate "2019.11.29"]
[EventType "swiss"]
[EventCountry "MNC"]
[SourceTitle "playchess.com"]
[Source "ChessBase"]
[SourceQuality "1"]
[TimeControl "180+2"]

1. e4 e5 2. Nf3 Nc6 3. d4 exd4 4. Nxd4 Nf6 5. Nxc6 bxc6 6. Qe2 a5 7. Nc3 Ba6 8. Qe3 Bxf1 9. Rxf1 Bb4 10. Bd2 Qe7 11. O-O-O Rb8 12. g4 O-O 13. g5 Ne8 14. e5 d6 15. f4 g6 16. h4 Ng7 17. h5 Nf5 18. Qd3 dxe5 19. Ne4 Bxd2+ 20. Rxd2 exf4 21. Nf6+ Kh8 22. hxg6 fxg6 23. Rh1 Rxf6 24. gxf6 Qxf6 25. c3 Nd6 26. Rdh2 h5 27. Rg1 Rg8 28. Qf3 Qf5 29. Rhg2 Kh7 30. Rg5 Qe4 31. Rxh5+ Kg7 32. Qh3 Nf5 33. Rxf5 Qe3+ 34. Qxe3 fxe3 35. Re5 1-0